Map: Galactic Process LE

Players

Gracz

  • Race: Zerg Zerg
  • League: Silver

ankr - Winner!

  • Race: Terran Terran
  • League: Gold

VOD

Have the link to the VOD?

Description

Time

  • Played on: Oct. 28, 2016, 1:53 p.m.
  • Length: 8:11
Show
View Real Time Build Order
Export as new Build Order

Gracz Zerg 

Build Orders: Hatch First 

Get SALT Encoding   

  12  0:03  Drone  
  13  0:12  Drone  
  14  0:17  Overlord  
  14  0:47  Unknown, Hatchery  
  13  0:51  Drone x2  
  15  1:10  Drone x2  
  17  1:15  Spawning Pool  
  17  1:16  Extractor  
  15  1:20  Drone  
  16  1:30  Extractor, Drone  
  16  1:39  Drone  
  17  1:47  Drone  
  18  1:58  Drone  
  18  1:59  Unknown  
  20  2:01  Drone  
  20  2:07  Drone  
  21  2:23  Lair  
  21  2:28  Drone  
  21  2:29  Drone  
  23  2:34  Unknown, Hatchery  
  22  2:42  Drone x2  
  24  2:48  Queen  
  26  3:15  Overlord x2  
  26  3:36  Drone x5  
  31  3:41  Spire  
  31  3:46  Evolution Chamber, Unknown  
  31  3:48  Evolution Chamber  
  28  4:01  Infestation Pit  
  27  4:03  Hydralisk Den, Drone x2  
  27  4:08  Queen  
  27  4:09  Drone  
  31  4:10  Drone  
  31  4:15  Zerg Melee Weapons Level 1  
  32  4:20  Drone  
  32  4:21  Drone  
  34  4:32  Pneumatized Carapace  
  34  4:34  Drone x4  
  38  4:49  Queen  
  40  4:56  Zerg Flyer Weapons Level 1  
  40  4:59  Hive  
  40  5:07  Extractor  
  39  5:08  Extractor, Drone x7  
  39  5:13  Overlord  
  45  5:31  Drone x8  
  45  5:32  Drone x2  
  55  5:56  Zerg Ground Armor Level 1  
  55  5:58  Lurker Den  
  55  6:00  Metabolic Boost  
  55  6:02  Zergling x6  
  58  6:04  Overlord x3  
  58  6:34  Mutalisk x3  
  58  6:35  Zergling x2  
  58  6:36  Zergling x18  
  74  6:51  Overlord  
  74  6:52  Overlord  
  53  7:20  Hydralisk x10  
  53  7:21  Zergling x2, Hydralisk  
  53  7:22  Zergling x4  
  55  7:33  Spine Crawler  
  54  7:37  Spine Crawler  
Show
View Real Time Build Order
Export as new Build Order

ankr Terran - Winner!

Build Orders: MMM Bio 

Get SALT Encoding   

  12  0:01  SCV  
  13  0:13  SCV  
  14  0:19  Supply Depot  
  14  0:25  SCV  
  15  0:40  SCV  
  15  0:41  Barracks  
  16  0:52  SCV  
  17  0:59  Refinery  
  17  1:04  SCV  
  18  1:16  SCV  
  19  1:36  Unknown, Command Center  
  19  1:37  Supply Depot  
  19  1:39  SCV  
  20  1:47  Marine  
  22  1:54  SCV  
  22  2:11  Barracks  
  22  2:12  Barracks Reactor  
  22  2:27  Barracks, Refinery  
  22  2:28  SCV  
  23  2:44  SCV  
  24  2:47  Unknown  
  24  2:56  Marine x2  
  26  3:00  Barracks Tech Lab  
  26  3:05  Factory  
  26  3:13  SCV x2  
  26  3:14  Marine x2  
  30  3:28  Stimpack  
  30  3:29  Barracks Reactor  
  30  3:32  Marine x2  
  32  3:44  Marine  
  33  3:49  Marine  
  33  3:50  Marine  
  33  3:52  Factory Tech Lab  
  35  3:58  Starport  
  35  4:08  Supply Depot  
  35  4:13  Marine x4  
  35  4:14  Marine  
  40  4:29  Engineering Bay  
  40  4:31  Marine x2  
  41  4:32  Supply Depot  
  41  4:35  Siege Tank  
  45  4:38  Starport Reactor  
  45  4:47  Marine x2  
  47  4:54  Marine x3  
  47  4:56  Engineering Bay  
  47  4:59  SCV  
  51  5:01  SCV  
  52  5:13  Marine  
  52  5:14  Marine x3  
  53  5:19  Medivac  
  58  5:27  Orbital Command  
  58  5:34  Terran Infantry Weapons Level 1  
  58  5:37  Combat Shields  
  58  5:44  Marine x2  
  58  5:45  Marine  
  58  5:48  Marine  
  62  5:55  Orbital Command  
  62  6:08  Supply Depot  
  62  6:29  Marine x2  
  64  6:40  Marine x3  
  67  6:47  Marine x2  
  69  6:58  Marine  
  70  7:12  Marine  
  65  7:29  Marine x3  
  67  7:30  Marine x2  
  70  7:47  Marine x2  
  70  7:49  Marine  
Tags
 
Add a new tag
Caveats
  • Supply blocks, unpowered buildings, or Contaminate may cause inaccurate times.
  • Supply counts are checked every 10 seconds.